 Dungeon Crawl Stone Soup version 0.29.1-1-gd02db6906a (webtiles) character file.

Game seed: 11401519814902129832

40 fireball365 the Digger (level 3, 0/26 HPs)
             Began as a Demigod Earth Elementalist on Oct 7, 2022.
             Slain by a ball python (1 damage)
             ... on level 3 of the Dungeon.
             The game lasted 00:10:44 (2645 turns).

fireball365 the Digger (Demigod Earth Elementalist) Turns: 2645, Time: 00:10:45

Health: 0/26       AC:  3    Str: 13    XL:     3   Next: 14%
Magic:  2/8        EV:  8    Int: 17    God:
Gold:   74         SH:  0    Dex: 14    Spells: 5/6 levels left

rFire   . . .      SeeInvis .   k - +0 mace
rCold   . . .      Faith    .   (no shield)
rNeg    . . .      Spirit   .   i - +0 leather armour
rPois   .          Reflect  .   (no helmet)
rElec   .          Harm     .   (no cloak)
rCorr   .          Rampage  .   (no gloves)
Will    .....                   (no boots)
Stlth   ++........              (no amulet)
HPRegen 0.08/turn               (no ring)
MPRegen 0.11/turn               (no ring)

@: constricted
A: high MP 1, forlorn, divine attributes
a: no special abilities


You were on level 3 of the Dungeon.
You visited 1 branch of the dungeon, and saw 3 of its levels.

You collected 74 gold pieces.

Inventory:

Hand Weapons
 e - a +0 whip
 g - a +0 dagger
 h - a +0 whip
 k - a +0 mace (weapon)
 n - a +0 whip
 o - a +0 hand axe
 r - a +0 whip
 t - a +0 hand axe
 y - a +0 falchion
 A - a +0 hand axe
 B - a +0 hand axe
Missiles
 c - 34 stones
 f - 3 poisoned darts
 p - 3 large rocks
Armour
 a - a +0 robe
 i - a +0 leather armour (worn)
 C - a +0 chain mail
Wands
 q - a wand of iceblast (6)
Scrolls
 s - a scroll of immolation {unknown}
 u - a scroll of identify {unknown}
 v - 2 scrolls of amnesia {unknown}
 z - a scroll of teleportation {unknown}
Potions
 b - a potion of magic
 d - a potion of flight {unknown}
 j - a potion of degeneration {unknown}
 l - 2 potions of might {unknown}
 m - 2 potions of curing {unknown}
 w - a potion of attraction {unknown}
 x - a potion of berserk rage {unknown}


   Skills:
 + Level 0.5 Armour
 + Level 1.8 Dodging
 + Level 1.8 Stealth
 + Level 2.1 Spellcasting
 + Level 0.8 Transmutations
 + Level 3.6 Earth Magic


You had 5 spell levels left.
You knew the following spells:

 Your Spells              Type           Power      Damage    Failure   Level
a - Sandblast             Erth           28%        2d8       5%          1

Your spell library contained the following spells:

 Spells                   Type           Power      Damage    Failure   Level
 Passwall                 Tmut/Erth      7%         N/A       14%         2
 Stone Arrow              Conj/Erth      14%        3d7       34%         3
 Petrify                  Tmut/Erth      9%         N/A       67%         4


Dungeon Overview and Level Annotations

Branches:
Dungeon (3/15)

Shops:
D:2 [


Innate Abilities, Weirdness & Mutations

You have an increased reservoir of magic. (+10% MP)
You shall have no god before yourself.
Your divine heritage dramatically boosts your attributes as you level up.


Message History

Your magical contamination has completely faded away.
Casting: Sandblast (safe; 5% risk of failure)
Confirm with . or Enter, or press ? or * to list all spells.
Aiming: Sandblast (safe; 5% risk of failure)
Press: ? - help, Shift-Dir - straight line, f/p - orc
Aim: an orc, wielding a +0 hand axe and wearing a +0 chain mail (lightly wounded, 87% to hit)
The blast of sand hits the orc but does no damage.
The orc is lightly wounded.
The orc misses you. The orc barely misses you.
Casting: Sandblast (safe; 5% risk of failure)
Confirm with . or Enter, or press ? or * to list all spells.
Aiming: Sandblast (safe; 5% risk of failure)
Press: ? - help, Shift-Dir - straight line, f/p - orc
Aim: an orc, wielding a +0 hand axe and wearing a +0 chain mail (lightly wounded, 87% to hit)
The blast of sand hits the orc.
The orc is moderately wounded.
The orc hits you but does no damage.
Aiming: Iceblast
Press: ? - help, Q - select action, (/) - cycle Shift-Dir - straight line, p - orc The mass of ice explodes!
The iceblast engulfs the orc!
You kill the orc!
You hear an angry hiss.
You hear a shout!
The ball python hisses angrily.
Things that are here:
a +0 hand axe; a +0 chain mail; an orc corpse
B - a +0 hand axe;
C - a +0 chain mail
Found 2 amethyst potions and a bubbling sapphire potion.
You see here 2 amethyst potions.
You see here a bubbling sapphire potion.
The ball python attacks as you move away!
The ball python bites you but does no damage.
You barely miss the ball python. The ball python closely misses you.
The ball python grabs you. The ball python constricts you.
The ball python closely misses you. The ball python constricts you.
You barely miss the ball python. The ball python bites you.
* * * LOW HITPOINT WARNING * * *
The ball python constricts you.
* * * LOW HITPOINT WARNING * * *
The ball python bites you.
You die...

#.#. ## ....
.. #.#. .#
#.#) ####..#
#.#. #@....#
#.#. #S##.##
#.#. #!# #
#...
#######.##.#
####
...........#
##.####.####
#. #!#
#.####.#
##.#....#


You could see a ball python.

Vanquished Creatures
  A worm (D:2)
  3 orcs (D:3)
  7 ball pythons
  5 endoplasms
  A giant cockroach (D:2)
  4 goblins
  2 hobgoblins (D:1)
  A quokka (D:1)
  A bat (D:2)
  5 kobolds
  5 rats
35 creatures vanquished.

Notes
Turn   | Place    | Note
-------+----------+-------------------------------------------
     0 | D:1      | fireball365 the Demigod Earth Elementalist began the quest
                  | for the Orb.
     0 | D:1      | Reached XP level 1. HP: 14/14 MP: 5/5
   158 | D:1      | Reached skill level 3 in Earth Magic
   283 | D:1      | Reached XP level 2. HP: 15/20 MP: 4/7
  1236 | D:2      | Found Xisaoch's Armour Boutique.
  2425 | D:3      | Reached XP level 3. HP: 26/26 MP: 5/8
  2625 | D:3      | HP: 1/26 [orc/+0 hand axe (5)]
  2645 | D:3      | HP: 1/26 [constriction (1)]
  2645 | D:3      | Slain by a ball python

Illustrated notes

Levels and vault maps discovered:
D:1:      doesnt_arrival_eight_statues, layout_basic,
          minmay_misc_feat_nine_boxes
D:2:      layout_loops_corners, serial_shops, shop, serial_co_window_serial,
          co_window_paths_a, co_window_paths_a, co_window_corner_a,
          co_window_paths_a, co_window_of_opportunity_a, co_window_paths_a,
          co_window_paths_a, co_window_corner_a, co_window_corner_a,
          co_window_corner_ca, co_window_corner_b, co_window_corner_b,
          co_window_of_opportunity_b, co_window_cross_4,
          co_window_unsneaky_path_e, co_window_4corner_b, co_window_paths_d,
          glass_columns_a, glass_columns_a, glass_columns_c, glass_columns_b
D:3:      layout_loops_ring, elyvilon_altar_1,
          dreamdust_ecumenical_altar_statues, uniq_robin, uniq_natasha

Skill      XL: |  1  2 |
---------------+-------+-----
Earth Magic    | 3 |  3.6
Spellcasting   | 2 |  2.1
Armour         | |  0.5
Dodging        | |  1.8
Stealth        | |  1.8
Transmutations | |  0.8

Action                   || total
-------------------------++-------
Melee: Unarmed           ||     1
       Mace              ||     8
       Whip              ||     1
 Cast: Sandblast         ||    56
Evoke: Wand              ||     1
Armor: Leather armour    ||     4
Dodge: Dodged            ||    27
